 Dungeon Crawl Stone Soup version 0.25-a0-614-g73ad250637 (webtiles) character file.

Game seed: 6194585828206772918, levelgen mode: deterministic

288 Amnesiac the Bolt Thrower (level 6, 0/30 HPs)
             Began as a Spriggan Hunter on Mar 17, 2020.
             Slain by a worm (9 damage)
             ... on level 2 of the Dungeon.
             The game lasted 00:07:02 (3552 turns).

Amnesiac the Bolt Thrower (Spriggan Hunter)         Turns: 3552, Time: 00:07:03

Health: 0/30       AC:  2    Str: 10    XL:     6   Next: 9%
Magic:  7/7        EV: 20    Int: 12    God:
Gold:   79         SH:  0    Dex: 17    Spells: 5/5 levels left

rFire    . . .     SeeInvis +   b - +2 whip (venom)
rCold    . . .     Gourm    .   (shield restricted)
rNeg     . . .     Faith    .   c - +0 robe
rPois    .         Spirit   .   (helmet restricted)
rElec    .         Reflect  .   (no cloak)
rCorr    .         Harm     .   (gloves unavailable)
MR       +....                  (boots unavailable)
Stlth    +++.......             (no amulet)
HPRegen  0.10/turn              (no ring)
MPRegen  0.10/turn              (no ring)

@: very quick
A: very small, unfitting armour, see invisible, herbivore, speed 3, slow
metabolism 2
a: no special abilities


You were on level 2 of the Dungeon.
You were hungry.

You visited 1 branch of the dungeon, and saw 4 of its levels.

You collected 79 gold pieces.

Inventory:

Hand Weapons
 a - a +1 hand crossbow
 b - a +2 whip of venom (weapon)
Missiles
 d - 35 bolts
Armour
 c - a +0 robe (worn)
Wands
 o - a wand of iceblast (6)
Scrolls
 h - 2 scrolls of teleportation {!r, unknown}
 i - 2 scrolls of noise {!r, unknown}
 k - 2 scrolls of identify {!r, unknown}
 l - a scroll of amnesia {!r, unknown}
 m - a scroll of fear {!r, unknown}
 n - a scroll of remove curse {!r, unknown}
 p - a scroll of immolation {!r, unknown}
Potions
 e - a potion of mutation {!q, unknown}
 g - a potion of lignification {!q, unknown}
 j - 2 potions of ambrosia {!q, unknown}
Comestibles
 f - 4 rations


   Skills:
 - Level 1.5 Fighting
 * Level 5.9 Crossbows
 + Level 5.2 Dodging
 + Level 4.9 Stealth


You had 5 spell levels left.
You didn't know any spells.
Your spell library was empty.

Dungeon Overview and Level Annotations

Branches:
Dungeon (4/15)
 Temple: D:4-7

Altars:


Innate Abilities, Weirdness & Mutations

You are very small and have problems with some larger weapons.
You are too small for most types of armour.
You have supernaturally acute eyesight. (SInv)
You are a herbivore.
You cover ground extremely quickly.
You need to consume almost no food.


Message History

Robin completely misses you.
You hit Robin.
Robin looks as sick as possible!
Robin is heavily wounded.
The hobgoblin misses you.
Robin roars a battlecry!
The hobgoblin goes into a battle-frenzy!
You hit Robin.
Robin looks as sick as possible!
Robin is severely wounded.
You kill Robin!
You have reached level 6!
Your experience leads to an increase in your attributes!
Increase (S)trength, (I)ntelligence, or (D)exterity?
You feel stronger.
The hobgoblin hits you but does no damage.
The goblin shouts!
You hit the hobgoblin.
The hobgoblin is poisoned.
The hobgoblin is almost dead.
The hobgoblin barely misses you. The hobgoblin misses you. The bat misses you.
You kill the hobgoblin!
The bat hits you. The hobgoblin completely misses you.
You hit the hobgoblin.
The hobgoblin is moderately wounded.
The bat closely misses you. The hobgoblin closely misses you. x2
You hit the giant cockroach.
You kill the giant cockroach!
The bat completely misses you. The goblin barely misses you.
The hobgoblin misses you.
You barely miss the goblin. The bat misses you.
The bat hits you but does no damage. The hobgoblin barely misses you.
The goblin misses you. The hobgoblin barely misses you.
You hit the hobgoblin.
You kill the hobgoblin!
The bat misses you. The goblin misses you. The adder bites you.
* * * LOW HITPOINT WARNING * * *
The hobgoblin hits you with a +0 dagger.
* * * LOW HITPOINT WARNING * * *
You hit the adder.
The adder is poisoned.
The adder is heavily wounded.
The bat misses you. The adder completely misses you. The goblin hits you.
* * * LOW HITPOINT WARNING * * *
The hobgoblin closely misses you.
You closely miss the goblin.
The hobgoblin no longer looks unusually strong.
The bat closely misses you. The adder completely misses you.
The goblin barely misses you.
The hobgoblin hits you but does no damage.
The adder closely misses you.
You completely miss the goblin. The bat completely misses you.
The goblin misses you. The bat hits you but does no damage.
The adder closely misses you. The hobgoblin closely misses you.
You miss the goblin. The bat closely misses you. The adder barely misses you.
The goblin completely misses you. The hobgoblin misses you.
You miss the goblin.
You kill the adder!
The goblin misses you. The hobgoblin completely misses you.
The bat completely misses you. The goblin misses you.
You are feeling hungry.
You closely miss the goblin. The bat completely misses you.
The hobgoblin completely misses you. The goblin completely misses you.
You completely miss the goblin. The bat closely misses you.
The hobgoblin hits you with a +0 dagger.
* * * LOW HITPOINT WARNING * * *
The goblin misses you. The worm bites you!
You die...

.####....S...... ...
..............# #.#
........>.b#÷# #.#
.....##s...#.######.###
.......gg.............#
#.......#..##.........#
........#..##>........#
...........$?..wb..[..#
.......#....#).g@##.).###
.....#.#.....###.g......#
#....#..#..#.#####......#
...####......g## #..$...#
... .###.....†# ####<.##
## ......##..### ##.#
.......##...# ###g###
..........#.###.....#
........#.#..##.....#


You could see a worm, a hobgoblin, a goblin and a bat.

Vanquished Creatures
  A phantom (D:4)
  A bullfrog skeleton (D:4)
  Robin (D:2)
  6 adders
  A howler monkey skeleton (D:4)
  3 worms
  2 orcs (D:4)
  9 bats
  3 giant cockroaches
  15 goblins
  13 hobgoblins
  11 jackals
  9 kobolds
  3 quokkas
  A ball python (D:3)
  3 frilled lizards (D:1)
  4 rats
86 creatures vanquished.

Vanquished Creatures (others)
  9 toadstools (D:3)
9 creatures vanquished.

Grand Total: 95 creatures vanquished

Notes
Turn   | Place    | Note
-------+----------+-------------------------------------------
     0 | D:1      | Amnesiac the Spriggan Hunter began the quest for the Orb.
     0 | D:1      | Reached XP level 1. HP: 10/10 MP: 2/2
   111 | D:1      | Reached XP level 2. HP: 14/14 MP: 3/3
   626 | D:1      | Reached XP level 3. HP: 3/18 MP: 4/4
  1228 | D:2      | Noticed Robin
  1273 | D:2      | Noticed a scorpion
  2198 | D:2      | Reached XP level 4. HP: 9/22 MP: 5/5
  2201 | D:2      | HP: 1/22 [hobgoblin/+0 short sword[Robin] (8)]
  2225 | D:2      | HP: 1/22 [giant cockroach (1)]
  2571 | D:3      | Reached skill level 5 in Crossbows
  2838 | D:4      | Reached XP level 5. HP: 13/25 MP: 6/6
  3184 | D:4      | Noticed a phantom
  3205 | D:4      | Killed a phantom
  3205 | D:4      | Reached skill level 5 in Dodging
  3537 | D:2      | Killed Robin
  3537 | D:2      | Reached XP level 6. HP: 17/30 MP: 7/7
  3552 | D:2      | Slain by a worm

Levels and vault maps discovered:
D:1:      onia_arrival_pentagram, layout_loops_ring, minmay_pentomino_z2
D:2:      layout_rooms, uniq_natasha, uniq_robin
D:3:      cheibrodos_fertilizer, layout_loops_ring, uniq_terence
D:4:      layout_gridville, first_ration

Skill      XL: |  1  2  3  4  5 |
---------------+----------------+-----
Stealth        | 2 3 4 |  4.9
Dodging        | 4 5 |  5.2
Crossbows      | 5 |  5.9
Fighting       | |  1.5

Action                   |  1- 3 |  4- 6 || total
-------------------------+-------+-------++-------
Melee: Short sword       |    21 |       ||    21
       Whip              |    69 |    98 ||   167
 Fire: Hand crossbow     |    50 |    22 ||    72
 Stab: Sleeping          |     4 |     4 ||     8
       Distracted        |     1 |       ||     1
Armor: Robe              |    10 |     6 ||    16
Dodge: Dodged            |   101 |   113 ||   214

Table legend:
 A = Non-vault XP
 B = Vault XP
 C = Vault XP percentage of total XP
 D = Non-vault monster count
 E = Vault monster count
 F = Vault count percentage of total count
                 A         B        C        D         E       F
            +---------+---------+-------+---------+---------+-------
      Total |     375 |      37 |   9.0 |      73 |      13 |  15.1
            +---------+---------+-------+---------+---------+-------
        D:1 |      63 |       7 |  10.0 |      36 |       4 |  10.0
        D:2 |      31 |      30 |  49.2 |      10 |       9 |  47.4
        D:3 |      42 |       0 |   0.0 |      16 |       0 |   0.0
        D:4 |     239 |       0 |   0.0 |      11 |       0 |   0.0
            +---------+---------+-------+---------+---------+-------
